 Dungeon Crawl Stone Soup version 0.17.0-28-g6e173f8 (webtiles) character file.

413 PossumBlood the Shield-Bearer (level 6, 0/53 HPs)
             Began as a Minotaur Fighter on Nov 23, 2015.
             Slain by Grinder (5 damage)
             ... while paralysed by Grinder
             ... on level 4 of the Dungeon.
             The game lasted 00:09:29 (2526 turns).

PossumBlood the Shield-Bearer (Minotaur Fighter)    Turns: 2526, Time: 00:09:29

Health: 0/53       AC:  8    Str: 28    XL:     6   Next: 59%
Magic:  5/5        EV:  2    Int:  5    God:
Gold:   165        SH:  0    Dex:  9    Spells: 0 memorised, 5 levels left

rFire  . . .     SeeInvis .     a - +0 long sword
rCold  . . .     Clarity  .     b - +0 scale mail
rNeg   . . .     SustAt   .     c - +1 shield
rPois  .         Gourm    .     (helmet restricted)
rElec  .         Spirit   .     w - +0 cloak
rCorr  .         Warding  .     (no gloves)
rMut   .         Stasis   .     (no boots)
MR     .....                    (no amulet)
Stlth  ..........               (no ring)
                                (no ring)

@: paralysed, mighty, very slightly contaminated, not resistant to hostile
enchantments, extremely unstealthy
A: retaliatory headbutt, horns 2
a: no special abilities


You were on level 4 of the Dungeon.
You were not hungry.

You visited 1 branch of the dungeon, and saw 4 of its levels.

You collected 165 gold pieces.

Inventory:

Hand Weapons
 a - a +0 long sword (weapon)
 k - a +0 club
 l - a +2 hunting sling of flaming
 m - a +1 dagger of protection
 q - a +0 scythe
 u - a +0 hunting sling
 v - a +0 long sword
Missiles
 p - 6 arrows of dispersal
 y - 2 needles of sleeping
Armour
 b - a +0 scale mail (worn)
 c - a +1 shield (worn)
 w - a +0 cloak (worn)
 x - a +0 buckler
 z - a +0 chain mail
Jewellery
 g - an uncursed ring of fire {unknown}
 j - an uncursed ring of wizardry {unknown}
 n - an uncursed ring of stealth {unknown}
Scrolls
 i - a scroll of magic mapping
 t - a scroll of remove curse
Potions
 f - 2 potions of degeneration {unknown}
 h - 3 potions of curing {unknown}
 o - 3 potions of poison {unknown}
 s - a potion of flight {unknown}
Comestibles
 e - 3 bread rations
 A - 2 slices of pizza
 B - a meat ration


   Skills:
 + Level 4.7 Fighting
 + Level 4.1 Long Blades
 + Level 5.4 Armour
 + Level 2.7 Dodging
 + Level 5.6 Shields


You had 5 spell levels left.
You didn't know any spells.

Dungeon Overview and Level Annotations

Branches:
Dungeon (4/15)
 Temple: D:4-7

Altars:

Annotations:
D:4 Grinder


Innate Abilities, Weirdness & Mutations

You reflexively headbutt those who attack you in melee.
You have a pair of horns on your head.


Message History

Grinder gestures.
Grinder blinks!
Found a scroll of identify.
Grinder gestures.
Grinder blinks!
You slash Grinder!
Grinder is moderately wounded.
Grinder gestures at you.
You suddenly lose the ability to move!
Grinder hits you.
* * * LOW HITPOINT WARNING * * *
Grinder hits you but does no damage. Grinder gestures at you.
Pain shoots through your body!
* * * LOW HITPOINT WARNING * * *
Grinder hits you but does no damage.
You can move again.
Grinder gestures at you.
You suddenly lose the ability to move!
Grinder hits you.
You die...

..###.......#.##.# .
#......<#....# .
####.....#### .#
.....(......####.#.
....................
#(.#.#.....#.#....#
##+#.#..#..#.#.#####
#.#..#..#.#.....#
#######@....#.#####
#5.##.#.....#
#..##.####.##
###+#........#.#
#.........##.#.#######
#.........##..........
#.........####.......#
...........#####..##.#.#
..#........#......##.#.#


You could see Grinder.

Vanquished Creatures
  Sigmund (D:2)
  A phantom (D:4)
  The ghost of DeXoteric the Chopper, an amateur DDFi (D:3)
  An adder (D:3)
  An ooze (D:1)
  A worm (D:3)
  3 giant geckos
  2 orcs (D:3)
  10 bats
  3 giant cockroaches
  10 goblins
  7 hobgoblins
  5 kobolds
  A quokka (D:2)
  A ball python (D:2)
  3 giant newts
  3 jackals (D:1)
  2 rats
  5 plants (D:3)
61 creatures vanquished.

Notes
Turn   | Place    | Note
--------------------------------------------------------------
     0 | D:1      | PossumBlood the Minotaur Fighter began the quest for the Orb.
     0 | D:1      | Reached XP level 1. HP: 19/19 MP: 0/0
   176 | D:1      | Reached XP level 2. HP: 18/27 MP: 1/1
   182 | D:1      | Reached skill level 4 in Shields
   924 | D:2      | Noticed Sigmund
   946 | D:2      | Killed Sigmund
   946 | D:2      | Reached skill level 1 in Dodging
   946 | D:2      | Reached skill level 5 in Shields
   946 | D:2      | Reached XP level 3. HP: 13/34 MP: 2/2
   946 | D:2      | Reached XP level 4. HP: 15/41 MP: 3/3
   946 | D:2      | Reached XP level 5. HP: 17/47 MP: 4/4
  1538 | D:3      | Noticed DeXoteric's ghost (amateur DDFi)
  1555 | D:3      | Killed DeXoteric's ghost
  1555 | D:3      | Reached XP level 6. HP: 43/53 MP: 5/5
  1774 | D:3      | Reached skill level 5 in Armour
  2421 | D:4      | Noticed Grinder
  2474 | D:4      | Paralysed by Grinder for 2 turns
  2497 | D:4      | Paralysed by Grinder for 5 turns
  2517 | D:4      | Paralysed by Grinder for 4 turns
  2524 | D:4      | Paralysed by Grinder for 3 turns
  2526 | D:4      | Slain by Grinder

Action                   |  1- 3 |  4- 6 || total
-------------------------+-------+-------++-------
Melee: Long sword        |    72 |   168 ||   240
  Use: Scroll            |     4 |     2 ||     6
       Potion            |       |     3 ||     3
  Eat: Bread ration      |       |     1 ||     1
       Pizza             |       |     1 ||     1
